Map: [ESL] Oceanborn

Players

Astrea

  • Race: Protoss Protoss
  • Spawn Location: 5:00

DisK - Winner!

  • Race: Protoss Protoss
  • Spawn Location: 11:00

Event: ESL SC2 Masters 2023 Winter (Regional)

VOD

Have the link to the VOD?

Description

Time

  • Played on: Oct. 29, 2023, 2:06 p.m.
  • Length: 6:09

All games in this series

Show
View Real Time Build Order
Export as new Build Order

Astrea Protoss 

Build Orders: Oracle Opening 

Get SALT Encoding   

  12  0:00  Probe  
  13  0:12  Probe  
  14  0:17  Pylon  
  14  0:24  Probe (Chrono Boost)  
  15  0:36  Gateway, Probe (Chrono Boost)  
  16  0:44  Probe (Chrono Boost)  
  16  0:46  Assimilator  
  17  0:51  Probe  
  17  0:53  Assimilator  
  18  1:03  Probe (Chrono Boost)  
  19  1:06  Gateway  
  19  1:12  Probe (Chrono Boost)  
  19  1:18  Probe  
  20  1:23  Cybernetics Core  
  21  1:30  Probe  
  22  1:34  Pylon  
  22  1:42  Probe  
  23  1:54  Probe  
  23  1:59  Warp Gate, Adept x2  
  28  2:06  Probe  
  29  2:11  Stargate  
  29  2:17  Pylon  
  29  2:29  Stalker  
  31  2:35  Stalker  
  35  3:13  Probe, Pylon  
  36  3:24  Oracle  
  36  3:31  Probe  
  37  3:39  Pylon  
  37  3:41  Pylon  
  35  3:42  Robotics Facility  
  35  3:45  Probe  
  36  3:53  Sentry, Zealot, Shield Battery  
  39  4:08  Pylon  
  37  4:27  Immortal (Chrono Boost), Stalker x2  
  43  4:32  Probe, Pylon  
  43  4:44  Probe  
  44  4:54  Stalker x2  
  44  4:57  Probe  
  44  4:59  Observer  
  44  5:10  Probe  
  45  5:23  Warp Prism (Chrono Boost)  
  45  5:24  Probe  
  45  5:38  Stalker x2  
  45  5:42  Nexus  
  47  5:44  Probe  
Show
View Real Time Build Order
Export as new Build Order

DisK Protoss - Winner!

Build Orders: Blink Stalkers 

Get SALT Encoding   

  12  0:00  Probe  
  13  0:12  Probe  
  14  0:17  Pylon  
  14  0:24  Probe  
  15  0:35  Gateway  
  15  0:37  Probe (Chrono Boost)  
  16  0:46  Assimilator, Probe (Chrono Boost)  
  17  0:51  Probe (Chrono Boost)  
  17  0:55  Assimilator  
  18  1:03  Probe (Chrono Boost)  
  19  1:08  Gateway  
  19  1:14  Probe (Chrono Boost)  
  20  1:19  Probe (Chrono Boost)  
  20  1:25  Cybernetics Core  
  21  1:31  Probe  
  22  1:34  Pylon  
  22  1:43  Probe  
  23  2:00  Probe  
  23  2:01  Warp Gate, Stalker x2  
  28  2:18  Pylon  
  28  2:20  Twilight Council  
  28  2:33  Stalker  
  28  2:36  Stalker  
  32  2:43  Shield Battery  
  32  2:54  Blink (Chrono Boost)  
  32  2:56  Shield Battery  
  32  3:16  Shield Battery  
  32  3:17  Gateway  
  33  3:42  Pylon  
  29  3:56  Stalker x2  
  29  3:57  Pylon  
  33  4:14  Stalker  
  35  4:18  Gateway  
  35  4:23  Stalker  
  35  4:24  Stalker  
  39  4:39  Stalker  
  41  4:53  Stalker x2  
  39  5:11  Nexus  
  37  5:16  Stalker x2  
  40  5:32  Stalker x2  
  44  5:39  Stalker  
  46  5:45  Stalker  
  48  5:56  Robotics Facility  
Tags
 
Add a new tag
Caveats
  • Supply blocks, unpowered buildings, or Contaminate may cause inaccurate times.
  • Supply counts are checked every 10 seconds.